 Dungeon Crawl Stone Soup version 0.28.0-53-g5a82cb258f (webtiles) character file.

Game seed: 16740673901946511693

59 mcbry74 the Insei (level 4, -3/32 HPs)
             Began as a Merfolk Transmuter on July 6, 2022.
             Slain by Robin
             ... wielding a +0 mace
              (4 damage)
             ... on level 2 of the Dungeon.
             The game lasted 00:05:40 (1443 turns).

mcbry74 the Insei (Merfolk Transmuter)              Turns: 1443, Time: 00:05:40

Health: -3/32      AC:  0    Str: 10    XL:     4   Next: 3%
Magic:  6/7        EV: 15    Int: 14    God:
Gold:   27         SH:  0    Dex: 14    Spells: 4/7 levels left

rFire   . . .      SeeInvis .     - Unarmed
rCold   . . .      Faith    .   (shield currently unavailable)
rNeg    . . .      Spirit   .   (armour currently unavailable)
rPois   .          Reflect  .   (helmet currently unavailable)
rElec   .          Harm     .   (cloak currently unavailable)
rCorr   .          Rampage  .   (gloves currently unavailable)
Will    .....                   (boots currently unavailable)
Stlth   +.........              (no amulet)
HPRegen 0.10/turn               (ring currently unavailable)
MPRegen 0.10/turn               (ring currently unavailable)

@: pig-form (expiring), very quick
A: fast, no casting, small, (nimble swimmer 2), (mertail)
a: no special abilities


You were on level 2 of the Dungeon.
You were a filthy swine.
You visited 1 branch of the dungeon, and saw 2 of its levels.

You collected 27 gold pieces.

Inventory:

Missiles
 g - 2 poisoned darts
Armour
 a - a +0 robe (melded)
 d - a +1 pair of boots (melded)
 f - a +4 chain mail
Jewellery
 c - a ring of flight (melded)
Scrolls
 b - 2 scrolls of immolation {unknown}
 e - 2 scrolls of teleportation {unknown}


   Skills:
 - Level 1.1 Fighting
 - Level 2.6 Dodging
 + Level 5.2 Unarmed Combat
 - Level 2.0 Spellcasting
 - Level 2.6 Transmutations


You had 4 spell levels left.
You knew the following spells:

 Your Spells              Type           Power      Damage    Failure   Level
a - Beastly Appendage     Tmut           16%        N/A       8%          1
b - Wereblood             Tmut           8%         N/A       12%         2

Your spell library contained the following spells:

 Spells                   Type           Power      Damage    Failure   Level
 Spider Form              Tmut/Pois      5%         N/A       38%         3
 Ice Form                 Ice/Tmut       5%         N/A       80%         4


Dungeon Overview and Level Annotations

Branches:
Dungeon (2/15)

Altars:

Annotations:
D:2 Robin, Sigmund


Innate Abilities, Weirdness & Mutations

You are a filthy swine.
You move quickly.
Your equipment is almost entirely melded.
You are incapable of wielding weapons or throwing items.
You cannot cast spells.
((You are very nimble when in or above water. (Stealth+, EV+, Speed+++)))
((Your lower body shifts to a powerful aquatic tail in water.))


Message History

You hit Robin but do no damage.
You feel sick. Robin hits you with a +0 mace.
* * * LOW HITPOINT WARNING * * *
You completely miss Robin.
You feel sick.
You are no longer poisoned.
Robin hits you with a +0 mace.
* * * LOW HITPOINT WARNING * * *
You hit Robin.
Robin is moderately wounded.
Robin hits you with a +0 mace.
* * * LOW HITPOINT WARNING * * *
You barely miss Robin.
Robin is moderately wounded.
Robin barely misses you.
You punch Robin!
Robin is almost dead.
Robin hits you but does no damage.
You barely miss Robin.
Robin is almost dead.
Your primal bloodlust has ended.
Robin zaps a wand.
You turn into a filthy swine.
Your +1 pair of boots melds into your body.
Your +0 robe melds into your body.
Your ring of flight melds into your body.
You float gracefully downwards.
You hit Robin.
Robin is almost dead.
Robin closely misses you.
You see here a +0 plate armour.
A ball python comes into view.
The ball python hisses angrily.
You hit the ball python but do no damage.
The ball python closely misses you. The ball python grabs you.
The ball python constricts you.
* * * LOW HITPOINT WARNING * * *
You aren't carrying any potions.
You escape the ball python's grasp.
Your transformation is almost over.
The ball python completely misses you. The ball python barely misses you.
Robin hits you with a +0 mace.
You die...

.....#.# #..<###
.......## ##....#
........#### ##.#...#
##..#......###
#<###..# ##..##......#
#.# ..#
##.(###..#.#######.#
.# ##................#
# ########.....#####
...
.......#.##.....h####.
...=...#...##[##g.#
.......###....###S###
.......# ###..###...#
.......######g.####.#
..........# #..## ...
.......##.# #...##
###.. .@ .
........#.###.#..## ##
.# .
........g..##†##..#
.##


You could see Robin and a ball python.

Vanquished Creatures
  An adder (D:2)
  A worm (D:2)
  2 dart slugs
  6 bats
  A giant cockroach (D:1)
  12 goblins
  9 hobgoblins
  A quokka (D:1)
  A ball python (D:1)
  2 kobolds (D:1)
36 creatures vanquished.

Notes
Turn   | Place    | Note
-------+----------+-------------------------------------------
     0 | D:1      | mcbry74 the Merfolk Transmuter began the quest for the Orb.
     0 | D:1      | Reached XP level 1. HP: 15/15 MP: 3/3
    76 | D:1      | Found a faded altar of an unknown god.
   174 | D:1      | Reached XP level 2. HP: 17/21 MP: 3/5
   266 | D:1      | Reached skill level 4 in Unarmed Combat
   298 | D:1      | Learned a level 2 spell: Wereblood
   741 | D:1      | Reached XP level 3. HP: 21/26 MP: 4/6
  1289 | D:2      | Noticed Sigmund
  1308 | D:2      | Noticed Robin
  1355 | D:2      | Reached skill level 5 in Unarmed Combat
  1418 | D:2      | Reached XP level 4. HP: 15/32 MP: 4/7
  1423 | D:2      | HP: 1/32 [Robin/+0 mace (3)]
  1439 | D:2      | HP: 1/32 [constriction (1)]
  1443 | D:2      | Slain by Robin

Illustrated notes

Levels and vault maps discovered:
D:1:      matt_arrival_los_fun, layout_basic, shapermc_ecumenical_altar_venn,
          minmay_surrounded
D:2:      layout_rooms, uniq_sigmund, uniq_robin

Skill      XL: |  1  2  3 |
---------------+----------+-----
Unarmed Combat | 4 5 |  5.2
Fighting       | |  1.1
Dodging        | |  2.6
Spellcasting   | |  2.0
Transmutations | |  2.6

Action                   |  1- 3 |  4- 6 || total
-------------------------+-------+-------++-------
Melee: Unarmed           |    90 |    11 ||   101
       Headbutt          |    11 |       ||    11
       Punch             |     2 |       ||     2
 Cast: Beastly Appendage |    15 |       ||    15
       Wereblood         |     3 |       ||     3
Armor: Robe              |    22 |     1 ||    23
Dodge: Dodged            |    87 |     5 ||    92
